Map: Curious Minds LE

Players

Astrea

  • Race: Protoss Protoss
  • League: Grandmaster

ShoWTimE - Winner!

  • Race: Protoss Protoss
  • League: Grandmaster

Event: DreamHack SC2 Masters Last Chance 2022

VOD

Have the link to the VOD?

Description

Time

  • Played on: Dec. 17, 2021, 1:03 p.m.
  • Length: 33:49

All games in this series

Show
View Real Time Build Order
Export as new Build Order

Astrea Protoss 

Build Orders: 1 Gate Expand, Carriers 

Get SALT Encoding   

  12  0:00  Probe  
  13  0:12  Probe  
  14  0:17  Pylon  
  14  0:24  Probe (Chrono Boost)  
  15  0:37  Probe (Chrono Boost)  
  15  0:39  Gateway  
  16  0:45  Probe (Chrono Boost)  
  16  0:46  Assimilator  
  17  0:51  Probe  
  18  1:03  Probe  
  19  1:15  Probe  
  20  1:18  Pylon  
  20  1:26  Cybernetics Core  
  23  1:38  Nexus  
  20  1:42  Probe  
  21  1:48  Assimilator  
  21  1:54  Probe  
  21  2:00  Adept (Chrono Boost)  
  22  2:03  Warp Gate  
  22  2:06  Probe  
  25  2:18  Probe  
  25  2:22  Stalker  
  28  2:30  Probe  
  29  2:42  Probe (Chrono Boost)  
  30  2:46  Gateway  
  31  2:52  Probe (Chrono Boost)  
  31  2:54  Stalker, Probe (Chrono Boost)  
  31  2:57  Probe (Chrono Boost)  
  34  3:03  Probe  
  36  3:09  Gateway, Probe  
  37  3:15  Shield Battery  
  37  3:16  Probe  
  38  3:21  Probe  
  38  3:28  Probe (Chrono Boost)  
  38  3:31  Shield Battery  
  40  3:37  Probe (Chrono Boost)  
  40  3:38  Twilight Council  
  40  3:40  Probe (Chrono Boost)  
  41  3:47  Probe (Chrono Boost)  
  42  3:48  Probe (Chrono Boost)  
  42  3:50  Pylon  
  42  3:54  Probe  
  43  3:56  Stalker  
  43  4:00  Probe, Pylon  
  46  4:09  Stalker  
  45  4:10  Blink (Chrono Boost)  
  45  4:12  Probe (Chrono Boost)  
  46  4:17  Probe (Chrono Boost)  
  47  4:28  Probe (Chrono Boost)  
  47  4:29  Probe (Chrono Boost)  
  48  4:33  Nexus  
  48  4:34  Probe (Chrono Boost)  
  48  4:35  Probe (Chrono Boost)  
  48  4:37  Sentry  
  52  4:44  Robotics Facility  
  52  4:45  Probe  
  53  4:48  Probe  
  53  4:50  Stalker  
  54  4:53  Phoenix  
  54  4:57  Probe  
  55  5:02  Probe  
  55  5:03  Assimilator, Pylon  
  55  5:06  Shield Battery  
  56  5:09  Probe  
  57  5:14  Probe, Forge  
  57  5:17  Stalker  
  57  5:20  Stalker  
  62  5:21  Probe  
  62  5:26  Probe  
  64  5:33  Observer (Chrono Boost), Probe  
  64  5:35  Pylon  
  66  5:40  Probe (Chrono Boost)  
  66  5:42  Protoss Ground Weapons Level 1 (Chrono Boost)  
  67  5:45  Stalker x2  
  67  5:46  Probe (Chrono Boost)  
  73  5:51  Probe (Chrono Boost)  
  73  5:56  Probe x2 (Chrono Boost)  
  72  5:59  Probe (Chrono Boost)  
  72  6:02  Probe  
  72  6:03  Probe  
  73  6:09  Stalker x2  
  73  6:10  Probe  
  76  6:15  Probe  
  76  6:17  Probe  
  78  6:22  Probe  
  77  6:26  Gateway  
  77  6:27  Gateway, Probe  
  77  6:28  Gateway  
  77  6:29  Observer (Chrono Boost), Probe  
  80  6:34  Probe  
  80  6:36  Robotics Bay  
  80  6:38  Stalker, Assimilator  
  80  6:39  Probe  
  84  6:42  Stalker  
  84  6:46  Warp Prism (Chrono Boost), Probe x2  
  88  7:00  Observer  
  88  7:04  Stalker  
  88  7:06  Stalker  
  92  7:15  Pylon  
  92  7:17  Nexus  
  92  7:20  Pylon  
  92  7:28  Pylon  
  90  7:33  Disruptor (Chrono Boost)  
  90  7:35  Observer  
  93  7:37  Observer, Shield Battery  
  93  7:38  Assimilator, Probe x3, Protoss Ground Weapons Level 2  
  93  7:43  Pylon  
  96  7:44  Stalker x2  
  96  7:47  Pylon  
  96  7:49  Stalker x3  
  96  7:50  Photon Cannon  
  96  7:51  Probe x3  
  109  7:59  Disruptor (Chrono Boost)  
  109  8:03  Probe  
  109  8:04  Photon Cannon  
  113  8:09  Probe  
  114  8:13  Probe  
  114  8:15  Photon Cannon  
  114  8:16  Robotics Facility  
  115  8:20  Photon Cannon  
  115  8:21  Observer, Probe x2  
  115  8:26  Stalker x4  
  125  8:30  Probe  
  124  8:40  Disruptor (Chrono Boost)  
  125  8:44  Probe x4  
  125  8:45  Stalker  
  131  8:50  Gateway  
  131  8:51  Pylon  
  131  8:53  Stalker x4  
  138  8:56  Probe  
  138  8:57  Probe  
  138  9:00  Pylon  
  138  9:02  Assimilator x2  
  140  9:06  Pylon  
  140  9:08  Pylon  
  140  9:10  Disruptor (Chrono Boost)  
  143  9:17  Stalker x2  
  143  9:18  Pylon  
  143  9:20  Pylon  
  146  9:27  Stalker x3  
  152  9:36  Pylon  
  152  9:38  Gateway  
  155  9:43  Disruptor (Chrono Boost)  
  147  9:47  Stalker x2  
  142  9:53  Stalker x3, Disruptor (Chrono Boost)  
  151  10:01  Observer  
  151  10:02  Gateway x2  
  151  10:03  Pylon  
  151  10:05  Probe  
  151  10:06  Probe  
  147  10:10  Protoss Ground Weapons Level 3 (Chrono Boost)  
  147  10:15  Photon Cannon  
  147  10:19  Shield Battery  
  147  10:20  Charge  
  147  10:21  Photon Cannon  
  147  10:28  Observer (Chrono Boost)  
  147  10:30  Zealot x2  
  147  10:32  Stalker x3  
  147  10:33  Stalker  
  159  10:38  Dark Shrine  
  155  10:59  Stalker x8, Nexus  
  171  11:04  Photon Cannon  
  171  11:06  Pylon  
  171  11:24  Zealot x2  
  174  11:43  Pylon  
  174  11:44  Pylon  
  174  11:49  Pylon  
  174  11:54  Pylon  
  164  11:56  Zealot x2  
  164  11:57  Zealot x2  
  164  11:59  Shadow Stride  
  164  12:00  Dark Templar  
  172  12:01  Zealot  
  172  12:02  Dark Templar x2  
  172  12:06  Probe x4  
  179  12:08  Observer  
  179  12:09  Observer, Assimilator  
  179  12:13  Probe  
  181  12:18  Probe  
  181  12:26  Dark Templar  
  181  12:28  Dark Templar x4  
  191  12:30  Photon Cannon  
  191  12:33  Photon Cannon, Probe x5  
  196  12:38  Shield Battery  
  196  12:44  Assimilator  
  196  12:46  Assimilator  
  196  12:47  Stargate, Disruptor  
  196  12:49  Pylon  
  199  12:52  Protoss Air Weapons Level 1 (Chrono Boost)  
  174  13:07  Dark Templar x6  
  174  13:08  Zealot x2  
  188  13:13  Photon Cannon  
  188  13:14  Photon Cannon x2  
  188  13:15  Pylon  
  188  13:16  Pylon  
  188  13:17  Photon Cannon  
  188  13:19  Photon Cannon  
  188  13:20  Photon Cannon  
  188  13:22  Protoss Shields Level 1 (Chrono Boost)  
  188  13:23  Photon Cannon  
  186  13:33  Oracle  
  189  13:34  Fleet Beacon  
  189  13:38  Stargate  
  189  13:40  Pylon  
  189  13:42  Stargate  
  189  13:48  Observer  
  189  13:56  Zealot x5  
  198  14:05  Observer  
  199  14:18  Carrier x3 (Chrono Boost)  
  170  14:47  Zealot x8  
  177  15:01  Protoss Air Weapons Level 2 (Chrono Boost)  
  177  15:02  Photon Cannon  
  177  15:03  Photon Cannon  
  177  15:06  Observer  
  177  15:13  Carrier (Chrono Boost)  
  177  15:14  Carrier x2 (Chrono Boost)  
  177  15:16  Dark Templar  
  177  15:17  Dark Templar  
  199  15:34  Nexus  
  195  15:40  Protoss Shields Level 2, Dark Templar x2  
  195  16:07  Zealot x3  
  195  16:08  Observer  
  198  16:23  Carrier (Chrono Boost)  
  195  16:49  Nexus  
  193  16:57  Carrier (Chrono Boost)  
  193  16:58  Pylon  
  193  17:02  Pylon  
  199  17:10  Observer  
  199  17:17  Photon Cannon  
  199  17:18  Photon Cannon  
  199  17:19  Photon Cannon  
  199  17:22  Protoss Air Weapons Level 3 (Chrono Boost), Shield Battery  
  197  17:24  Photon Cannon  
  197  17:27  Cybernetics Core  
  197  17:28  Flux Vanes  
  197  17:35  Photon Cannon  
  198  17:37  Oracle (Chrono Boost)  
  198  17:38  Shield Battery  
  198  17:40  Carrier (Chrono Boost)  
  200  17:45  Photon Cannon  
  200  17:46  Photon Cannon  
  200  17:48  Photon Cannon  
  200  17:51  Photon Cannon x2  
  194  17:53  Dark Templar  
  194  17:54  Dark Templar  
  194  17:55  Pylon, Shield Battery  
  194  17:57  Protoss Air Armor Level 1 (Chrono Boost)  
  198  18:03  Pylon  
  198  18:06  Photon Cannon, Assimilator  
  198  18:08  Protoss Shields Level 3 (Chrono Boost)  
  198  18:09  Photon Cannon  
  198  18:12  Assimilator  
  189  18:41  Carrier x2 (Chrono Boost)  
  194  18:50  Carrier (Chrono Boost)  
  194  18:54  Stargate x2  
  175  19:18  Warp Prism (Chrono Boost)  
  175  19:19  Observer  
  175  19:23  Dark Templar x4  
  175  19:24  Dark Templar  
  186  19:25  Dark Templar  
  186  19:26  Zealot x2  
  186  19:29  Void Ray (Chrono Boost), Archon x3  
  186  19:30  Void Ray (Chrono Boost)  
  190  19:34  Void Ray (Chrono Boost)  
  197  20:07  Protoss Air Armor Level 2  
  189  20:57  Oracle  
  191  21:06  Void Ray  
  188  21:13  Observer  
  187  21:27  Tempest x2 (Chrono Boost)  
  187  21:28  Tempest (Chrono Boost)  
  187  21:29  Dark Templar x2  
  195  21:41  Tempest (Chrono Boost)  
  199  21:55  Tempest (Chrono Boost)  
  198  22:05  Tempest (Chrono Boost), Pylon  
  200  22:11  Pylon  
  200  22:30  Pylon  
  188  22:45  Tempest x2 (Chrono Boost)  
  200  22:55  Tempest x2 (Chrono Boost)  
  198  23:04  Dark Templar  
  200  23:09  Photon Cannon  
  200  23:10  Photon Cannon  
  200  23:11  Shield Battery  
  200  23:12  Photon Cannon x2, Shield Battery  
  197  23:13  Protoss Air Armor Level 3 (Chrono Boost)  
  197  23:14  Oracle (Chrono Boost)  
  197  23:18  Dark Templar x4  
  188  23:31  Oracle x2  
  194  23:35  Protoss Ground Armor Level 1  
  194  23:42  Tempest  
  195  23:50  Oracle  
  194  24:17  Tempest  
  197  24:38  Observer  
  197  24:51  Tempest (Chrono Boost)  
  197  24:52  Tempest (Chrono Boost)  
  190  25:00  Tempest (Chrono Boost)  
  192  25:07  Tempest x2 (Chrono Boost)  
  181  25:20  Dark Templar x8  
  192  25:32  Tempest (Chrono Boost)  
  198  25:56  Tempest (Chrono Boost)  
  195  26:00  Tempest (Chrono Boost)  
  188  26:29  Oracle (Chrono Boost)  
  188  26:31  Oracle (Chrono Boost)  
  194  26:38  Nexus  
  185  26:58  Photon Cannon, Tempest x3  
  185  26:59  Pylon  
  200  27:02  Photon Cannon  
  197  27:24  Observer  
  197  27:29  Oracle  
  196  27:31  Void Ray  
  196  27:34  Photon Cannon x2  
  200  27:46  Assimilator  
  179  28:18  Tempest x2 (Chrono Boost)  
  196  28:26  Tempest x2 (Chrono Boost)  
  181  28:48  Void Ray (Chrono Boost)  
  185  28:49  Void Ray (Chrono Boost)  
  185  28:50  Void Ray (Chrono Boost)  
  196  29:02  Void Ray (Chrono Boost)  
  189  29:26  Oracle (Chrono Boost)  
  189  29:28  Dark Templar x3  
  152  30:13  Oracle  
  155  30:17  Disruptor x2  
  146  30:54  Observer, Nexus  
  137  31:42  Void Ray x2 (Chrono Boost)  
  145  31:47  Void Ray (Chrono Boost)  
  149  32:11  Observer  
  145  32:41  Observer  
  146  32:44  Zealot x2  
  146  32:45  Zealot x6  
Show
View Real Time Build Order
Export as new Build Order

ShoWTimE Protoss - Winner!

Build Orders: Oracle Opening, Carriers 

Get SALT Encoding   

  12  0:00  Probe  
  13  0:12  Probe  
  14  0:17  Pylon  
  14  0:24  Probe (Chrono Boost)  
  15  0:36  Probe (Chrono Boost)  
  15  0:37  Gateway  
  16  0:44  Probe (Chrono Boost)  
  16  0:46  Assimilator  
  17  0:51  Probe  
  18  1:03  Probe (Chrono Boost)  
  19  1:04  Assimilator  
  19  1:06  Pylon  
  19  1:13  Probe (Chrono Boost)  
  19  1:18  Probe (Chrono Boost)  
  20  1:25  Cybernetics Core  
  21  1:29  Probe  
  23  1:52  Nexus  
  22  1:56  Probe  
  23  2:07  Stargate  
  23  2:11  Probe  
  24  2:18  Adept  
  24  2:21  Warp Gate  
  26  2:24  Probe  
  27  2:32  Pylon  
  27  2:36  Probe  
  27  2:48  Probe, Oracle (Chrono Boost)  
  31  3:03  Probe (Chrono Boost)  
  31  3:05  Stalker  
  34  3:07  Probe (Chrono Boost)  
  36  3:16  Probe (Chrono Boost)  
  36  3:17  Probe (Chrono Boost), Oracle (Chrono Boost)  
  40  3:21  Probe (Chrono Boost)  
  40  3:24  Probe  
  42  3:33  Probe, Shield Battery  
  41  3:37  Probe  
  41  3:41  Twilight Council  
  42  3:45  Probe  
  43  3:49  Probe, Pylon  
  44  3:57  Probe  
  44  3:59  Gateway  
  44  4:01  Probe  
  46  4:09  Probe  
  47  4:11  Blink (Chrono Boost)  
  47  4:13  Probe  
  48  4:19  Stalker  
  48  4:21  Probe  
  48  4:23  Assimilator  
  51  4:25  Probe  
  51  4:26  Forge  
  52  4:32  Gateway  
  52  4:33  Probe  
  52  4:38  Probe  
  54  4:39  Assimilator  
  54  4:43  Stalker  
  56  4:45  Probe  
  56  4:50  Probe  
  56  4:51  Pylon  
  58  4:56  Pylon  
  58  4:58  Probe  
  59  5:03  Nexus  
  59  5:04  Pylon  
  59  5:05  Probe  
  59  5:06  Protoss Ground Weapons Level 1 (Chrono Boost)  
  60  5:09  Stalker  
  62  5:15  Stalker  
  62  5:18  Probe  
  62  5:20  Probe  
  66  5:27  Stalker  
  68  5:30  Probe  
  68  5:32  Stalker, Probe  
  72  5:35  Pylon  
  72  5:39  Stalker  
  72  5:42  Probe  
  75  5:44  Probe  
  76  5:51  Robotics Facility  
  76  5:54  Probe  
  76  5:56  Probe  
  78  6:01  Stalker x2  
  78  6:02  Stalker  
  81  6:06  Probe  
  81  6:08  Probe  
  79  6:18  Probe  
  79  6:20  Probe  
  79  6:21  Probe  
  79  6:22  Shield Battery  
  79  6:23  Charge  
  82  6:25  Gateway  
  82  6:27  Gateway  
  82  6:31  Probe  
  83  6:33  Gateway  
  83  6:34  Stalker x2  
  83  6:38  Stalker  
  90  6:40  Observer  
  90  6:41  Probe x2  
  90  6:45  Pylon  
  92  6:53  Gateway  
  92  6:55  Gateway  
  92  6:56  Protoss Ground Weapons Level 2 (Chrono Boost), Pylon  
  92  7:01  Probe  
  93  7:02  Probe  
  93  7:03  Assimilator, Probe  
  93  7:06  Assimilator  
  95  7:18  Stalker  
  95  7:19  Stalker x2  
  95  7:21  Pylon  
  101  7:31  Immortal (Chrono Boost)  
  101  7:34  Templar Archives  
  105  7:42  Pylon  
  105  7:44  Zealot x5, Sentry  
  107  7:45  Pylon  
  107  7:46  Pylon  
  107  7:48  Pylon  
  117  7:54  Stalker x2  
  117  7:57  Phoenix  
  121  7:58  Pylon  
  121  8:03  Observer (Chrono Boost)  
  121  8:04  Nexus  
  122  8:06  Pylon  
  122  8:15  High Templar x4  
  122  8:16  Zealot x2  
  122  8:18  Warp Prism (Chrono Boost)  
  122  8:19  Photon Cannon  
  134  8:20  Archon x2  
  136  8:27  Shield Battery  
  136  8:28  Pylon  
  136  8:29  Zealot x2  
  137  8:41  Zealot x2  
  137  8:43  Pylon  
  139  8:48  Zealot x4  
  139  8:51  High Templar x2  
  139  8:54  Pylon  
  139  8:55  Archon  
  151  9:04  Zealot x2  
  155  9:14  High Templar x2  
  155  9:15  Zealot x2  
  163  9:18  Gateway, Archon  
  163  9:20  Gateway  
  163  9:27  Zealot x4  
  169  9:35  Zealot x2  
  155  9:52  Zealot x6  
  141  10:00  Zealot x2  
  137  10:13  Immortal  
  137  10:14  Zealot x6  
  141  10:15  Probe x3  
  141  10:18  Protoss Ground Weapons Level 3 (Chrono Boost)  
  144  10:23  Robotics Bay  
  144  10:28  Robotics Facility, Stalker x2  
  148  10:31  Probe x2  
  148  10:32  Photon Cannon, Probe x2  
  152  10:36  Stalker, Zealot  
  152  10:42  Zealot x2  
  160  10:47  Zealot x2  
  154  10:53  Probe x2  
  154  10:54  Assimilator, Probe x2  
  157  10:57  Zealot, Assimilator  
  157  10:59  Observer (Chrono Boost)  
  157  11:02  Pylon  
  157  11:03  Zealot  
  162  11:05  Probe, High Templar x4  
  162  11:10  Archon x2  
  169  11:11  Disruptor (Chrono Boost)  
  169  11:14  Disruptor (Chrono Boost)  
  175  11:22  Zealot x3  
  181  11:25  Photon Cannon  
  181  11:27  Zealot  
  181  11:37  Disruptor (Chrono Boost), Pylon  
  181  11:39  Zealot x4  
  190  11:42  Disruptor (Chrono Boost)  
  185  11:57  Zealot x4  
  189  12:03  Zealot x3  
  189  12:06  Zealot  
  197  12:09  Disruptor (Chrono Boost)  
  197  12:11  Probe  
  197  12:12  Probe  
  198  12:25  Zealot, Nexus  
  198  12:27  Pylon  
  200  12:33  Observer (Chrono Boost)  
  197  12:38  Pylon  
  197  12:56  Disruptor  
  197  12:57  Disruptor  
  185  12:59  Zealot x6  
  185  13:00  Zealot x2  
  189  13:17  Protoss Shields Level 1 (Chrono Boost), Probe x2  
  191  13:24  Photon Cannon  
  191  13:29  Photon Cannon  
  191  13:30  Photon Cannon  
  191  13:31  Disruptor  
  191  13:32  Photon Cannon  
  191  13:33  Disruptor  
  197  13:35  Photon Cannon  
  197  13:36  Shield Battery  
  197  13:40  Photon Cannon  
  197  13:41  Photon Cannon  
  197  13:43  Photon Cannon, Stalker x2  
  198  13:54  Photon Cannon  
  196  13:56  Photon Cannon  
  196  13:57  Stargate  
  196  13:58  Photon Cannon  
  196  13:59  Pylon  
  196  14:00  Assimilator  
  196  14:01  Gravitic Boosters (Chrono Boost)  
  196  14:04  Assimilator  
  196  14:08  Observer  
  196  14:09  Stargate  
  195  14:11  Stargate  
  195  14:12  Observer  
  196  14:32  Stalker x2  
  184  14:51  Fleet Beacon  
  174  14:57  Stargate  
  174  15:02  Dark Shrine  
  174  15:11  Nexus  
  174  15:13  Zealot x6, Pylon  
  174  15:14  Zealot  
  178  15:17  Photon Cannon  
  178  15:18  Photon Cannon  
  178  15:20  Pylon  
  178  15:31  Protoss Shields Level 2 (Chrono Boost)  
  178  15:35  Carrier x2 (Chrono Boost)  
  193  15:43  Carrier (Chrono Boost)  
  193  15:52  Carrier (Chrono Boost)  
  199  16:10  Pylon  
  199  16:12  Pylon  
  199  16:13  Observer x2  
  200  16:18  Assimilator  
  200  16:22  Assimilator  
  200  16:23  Carrier x2 (Chrono Boost)  
  184  16:30  Carrier (Chrono Boost)  
  189  16:36  Shield Battery  
  189  16:37  Protoss Air Weapons Level 1 (Chrono Boost), Shield Battery  
  189  16:40  Photon Cannon  
  189  16:42  Photon Cannon  
  189  16:44  Cybernetics Core  
  189  16:45  Carrier (Chrono Boost)  
  188  17:00  Photon Cannon  
  188  17:01  Photon Cannon  
  186  17:10  Observer  
  186  17:14  Photon Cannon  
  186  17:15  Carrier x2 (Chrono Boost)  
  186  17:16  Photon Cannon  
  186  17:18  Photon Cannon  
  186  17:20  Photon Cannon  
  198  17:22  Shield Battery  
  198  17:24  Shield Battery  
  198  17:38  Protoss Air Armor Level 1 (Chrono Boost)  
  198  17:46  Protoss Shields Level 3 (Chrono Boost)  
  198  17:50  Dark Templar  
  198  17:51  Nexus  
  200  17:52  Pylon  
  195  18:20  Protoss Air Weapons Level 2 (Chrono Boost)  
  195  18:36  Tempest (Chrono Boost)  
  198  18:45  Tempest (Chrono Boost)  
  197  18:56  Observer  
  197  18:59  Tempest (Chrono Boost)  
  200  19:08  Nexus  
  200  19:10  Pylon  
  196  19:30  Disruptor  
  198  19:42  Tempest (Chrono Boost)  
  195  19:55  Oracle (Chrono Boost)  
  195  19:59  Shield Battery  
  196  20:02  Pylon  
  196  20:05  Observer  
  197  20:08  Tempest (Chrono Boost)  
  190  20:16  Tempest  
  199  20:26  Protoss Air Armor Level 2 (Chrono Boost)  
  199  20:38  Protoss Air Weapons Level 3 (Chrono Boost)  
  191  20:51  Tempest (Chrono Boost)  
  191  20:53  Tempest (Chrono Boost)  
  197  21:18  Tempest (Chrono Boost)  
  187  21:24  Tempest (Chrono Boost)  
  187  21:31  Tempest (Chrono Boost)  
  195  21:44  Protoss Ground Armor Level 1 (Chrono Boost)  
  189  21:48  Mothership  
  189  21:51  Nexus  
  189  21:52  Pylon  
  189  21:54  Observer  
  189  21:56  Nexus  
  189  21:58  Pylon  
  197  22:12  Observer  
  197  22:13  Photon Cannon  
  197  22:14  Photon Cannon  
  196  22:32  Observer  
  191  22:49  Oracle  
  199  23:08  Zealot x3  
  199  23:10  Photon Cannon  
  199  23:11  Photon Cannon  
  199  23:12  Protoss Air Armor Level 3 (Chrono Boost)  
  200  23:14  Photon Cannon  
  200  23:16  Photon Cannon  
  200  23:20  Assimilator  
  200  23:23  Observer  
  200  23:24  Assimilator  
  197  23:31  Zealot x2  
  199  23:38  Pylon  
  197  24:08  Nexus  
  197  24:19  Photon Cannon  
  197  24:22  Photon Cannon, Protoss Ground Armor Level 2 (Chrono Boost)  
  197  24:24  Shield Battery  
  197  24:42  Assimilator  
  197  24:46  Assimilator  
  189  24:55  Stalker x4  
  189  24:56  Stalker  
  199  25:09  Tempest (Chrono Boost)  
  199  25:13  Observer, Nexus  
  199  25:15  Oracle (Chrono Boost)  
  195  25:23  Photon Cannon  
  195  25:25  Assimilator  
  195  25:27  Shield Battery  
  195  25:38  Dark Templar x2  
  198  25:54  Observer  
  193  26:06  Tempest  
  192  26:52  Observer  
  192  26:56  Tempest  
  197  27:01  Nexus  
  197  27:04  Pylon  
  196  27:37  Photon Cannon  
  196  27:40  Photon Cannon  
  196  27:43  Photon Cannon, Protoss Ground Armor Level 3  
  196  27:45  Shield Battery  
  196  27:47  Oracle (Chrono Boost), Shield Battery  
  196  27:49  Assimilator  
  199  27:55  Assimilator  
  199  27:58  Pylon  
  183  28:36  Tempest x4 (Chrono Boost)  
  195  28:42  High Templar x2  
  195  28:46  Archon  
  199  28:52  Observer  
  193  29:14  High Templar x2  
  193  29:15  High Templar x2  
  197  29:21  Archon x2  
  197  29:24  Oracle (Chrono Boost)  
  197  29:30  Archon  
  200  29:44  Observer  
  181  29:56  High Templar x10  
  195  30:00  Archon  
  195  30:01  Archon x4  
  200  30:07  Tempest (Chrono Boost)  
  199  30:30  Oracle (Chrono Boost)  
  198  31:06  Zealot  
  200  31:15  Tempest (Chrono Boost)  
  200  31:16  Tempest (Chrono Boost)  
  198  32:05  Tempest (Chrono Boost)  
  196  32:11  Tempest (Chrono Boost)  
  197  32:57  Oracle (Chrono Boost)  
  193  33:38  Stalker x5  
  199  33:46  Stalker x3  
  199  33:47  Stalker x2  

Tags
 
Add a new tag
Caveats
  • Supply blocks, unpowered buildings, or Contaminate may cause inaccurate times.
  • Supply counts are checked every 10 seconds.